[Event "Titled Tuesday Blitz July 11 Early 2023"]
[White "Katz, Alexander"]
[Black "Bueno, Alfeu Junior Varela"]
[WhiteFideId "2039796"]
[BlackFideId "2108879"]
[WhiteElo "2639"]
[BlackElo "2377"]
[Result "1-0"]
[Round "1"]
[TimeControl "180+2"]
[Date "2023.07.11"]
[WhiteClock "0:00:25"]
[BlackClock "0:00:00"]
[Board "114"]

1. c4 e5 2. Nc3 Nc6 3. g3 f5 4. Bg2 Nf6 5. d3 Bb4 6. Nf3 Bxc3+ 7. bxc3 d6 8. O-O O-O 9. Rb1 Rb8 10. Ne1 Qe8 11. Nc2 Bd7 12. Nb4 Nxb4 13. cxb4 Qh5 14. e3 Qh6 15. b5 Qg6 16. Ba3 f4 17. exf4 exf4 18. c5 Ng4 19. cxd6 cxd6 20. Qb3+ Kh8 21. Qd5 fxg3 22. fxg3 Rxf1+ 23. Rxf1 Qh6 24. h3 Ne3 25. Qxd6 Rd8 26. Rf8+ 1-0


[Site "https://www.chess.com"]

[Event "Titled Tuesday Blitz July 11 Early 2023"]
[White "Seletsky, Grigory"]
[Black "Arabidze, Meri"]
[WhiteFideId "14112191"]
[BlackFideId "13604040"]
[WhiteElo "2376"]
[BlackElo "2639"]
[Result "0-1"]
[Round "1"]
[TimeControl "180+2"]
[Date "2023.07.11"]
[WhiteClock "0:00:21"]
[BlackClock "0:00:32"]
[Board "115"]

1. e4 c5 2. Nf3 e6 3. c4 Nc6 4. Nc3 Nd4 5. d3 Ne7 6. Be2 Nec6 7. O-O Be7 8. Be3 O-O 9. Qd2 d6 10. Ne1 a6 11. f4 b5 12. b3 b4 13. Nd1 a5 14. Rb1 a4 15. Rb2 axb3 16. axb3 Ra3 17. Bxd4 Nxd4 18. Nc2 Nxc2 19. Qxc2 Bf6 20. Rb1 Bd4+ 21. Kh1 Qa5 22. Qc1 Bd7 23. Bf3 Bc6 24. Ne3 Ra2 25. f5 Qa3 26. Qe1 Rb2 27. Rxb2 Qxb2 28. Bd1 Qc3 29. Qe2 Bxe3 30. Qxe3 exf5 31. Rxf5 Ra8 32. Rf1 f6 33. Qh3 Qe5 34. Qe3 Ra1 35. Kg1 Be8 36. g3 Bg6 37. Kg2 h6 38. Qd2 Kh7 39. Rf2 Rb1 40. h4 Qa1 41. Bf3 h5 42. Kh2 Re1 43. Bg2 Qc1 44. Qxc1 Rxc1 45. Ra2 Rc3 46. Ra6 Rxd3 47. Rxd6 Rxd6 0-1


[Site "https://www.chess.com"]

[Event "Titled Tuesday Blitz July 11 Early 2023"]
[White "Schwabeneder, Florian"]
[Black "Goldin, Roman"]
[WhiteFideId "1626191"]
[BlackFideId "2803860"]
[WhiteElo "2638"]
[BlackElo "2374"]
[Result "1-0"]
[Round "1"]
[TimeControl "180+2"]
[Date "2023.07.11"]
[WhiteClock "0:00:23"]
[BlackClock "0:00:00"]
[Board "116"]

1. Nf3 Nf6 2. b3 g6 3. Bb2 Bg7 4. g3 O-O 5. Bg2 d5 6. O-O c5 7. c4 d4 8. b4 Nfd7 9. bxc5 e5 10. d3 Nxc5 11. Nfd2 Nc6 12. Ba3 Qb6 13. Ne4 Nb4 14. Nxc5 Qxc5 15. Nd2 a5 16. Qa4 Bg4 17. Rfe1 Qc7 18. Bxb4 Bd7 19. Qb3 axb4 20. Qxb4 Rfb8 21. a4 Bf8 22. Qb3 Qa5 23. Ne4 Bxa4 24. Qb1 Kg7 25. Rc1 f5 26. Ng5 Be7 27. Nf3 b5 28. cxb5 Rxb5 29. Qa2 Qb6 30. Rab1 Raa5 31. Nxe5 1-0


[Site "https://www.chess.com"]

[Event "Titled Tuesday Blitz July 11 Early 2023"]
[White "Silva, Pedro Gil Ferreira Da"]
[Black "Kuzhilniy, Oleksandr"]
[WhiteFideId "1946102"]
[BlackFideId "34110500"]
[WhiteElo "2373"]
[BlackElo "2637"]
[Result "1/2-1/2"]
[Round "1"]
[TimeControl "180+2"]
[Date "2023.07.11"]
[WhiteClock "0:00:27"]
[BlackClock "0:00:15"]
[Board "117"]

1. e4 g6 2. d4 d6 3. Nc3 c6 4. f4 d5 5. e5 h5 6. Bd3 Nh6 7. Nf3 Bg4 8. Be3 e6 9. h3 Bxf3 10. Qxf3 Nf5 11. Bf2 h4 12. O-O Be7 13. Ne2 Nd7 14. c4 dxc4 15. Bxc4 Nb6 16. Bb3 Nd5 17. Nc3 Kf8 18. Nxd5 cxd5 19. Rac1 Kg7 20. Bc2 Rh5 21. Qb3 Qd7 22. Bd1 Rhh8 23. Be2 Rhc8 24. Bd3 Rxc1 25. Rxc1 Rc8 26. Rc3 Nh6 27. Qc2 Rxc3 28. bxc3 Qc6 29. Qb3 a6 30. a4 Nf5 31. c4 dxc4 32. Qxc4 Qxc4 33. Bxc4 Kf8 34. Kf1 Ke8 35. Ke2 Bd8 36. Kd3 Bb6 37. Kc3 Kd7 38. Bd3 Bd8 39. Kc4 Be7 40. Be4 Kc7 41. d5 exd5+ 42. Bxd5 f6 43. Be4 fxe5 44. fxe5 Bg5 45. Bxf5 gxf5 46. Kd5 b5 47. axb5 axb5 48. Ke6 b4 49. Kxf5 b3 50. Bd4 Be3 51. Bb2 Kd7 52. Kg4 Bf2 53. Kf5 Be3 54. Kf6 Ke8 55. e6 Bf2 56. Kf5 Bg3 57. Ke4 Ke7 58. Kd5 Bd6 59. Kc4 Kxe6 60. Kxb3 Kd5 61. Kc2 Ke4 62. Kd1 Ke3 63. Ke1 Bg3+ 64. Kf1 Ke4 65. Bc3 Kd3 66. Be1 Bxe1 67. Kxe1 Ke3 68. Kf1 Ke4 69. Kf2 Kf4 70. Ke2 Ke4 71. Kf2 Kf4 72. Ke2 Ke4 73. Kf1 Kf5 74. Kg1 Kg5 75. Kh2 Kf4 76. g4 hxg3+ 77. Kg2 Kg5 78. Kxg3 Kh5 79. h4 Kh6 80. Kg4 Kh7 81. h5 Kh8 82. Kg5 Kg8 83. h6 Kh8 84. Kg6 Kg8 85. h7+ Kh8 86. Kh6 1/2-1/2


[Site "https://www.chess.com"]

[Event "Titled Tuesday Blitz July 11 Early 2023"]
[White "Koshulyan, Egor A."]
[Black "Fernandez, Michael"]
[WhiteFideId "24237000"]
[BlackFideId "5803560"]
[WhiteElo "2636"]
[BlackElo "2368"]
[Result "1-0"]
[Round "1"]
[TimeControl "180+2"]
[Date "2023.07.11"]
[WhiteClock "0:00:58"]
[BlackClock "0:00:46"]
[Board "118"]

1. e4 c6 2. d4 d5 3. e5 Bf5 4. Nf3 e6 5. Be2 a6 6. O-O c5 7. c4 dxc4 8. Bxc4 Nh6 9. d5 exd5 10. Bxd5 Qc7 11. Re1 Nc6 12. e6 O-O-O 13. exf7 Nb4 14. Nc3 Nc2 15. Bxh6 gxh6 16. Nh4 Nxe1 17. Nxf5 Qe5 18. Qxe1 Rxd5 19. Nxd5 Qxd5 20. Ne7+ Bxe7 21. Qxe7 Qd8 22. Qxc5+ Kb8 23. Re1 Rf8 24. Qxf8 1-0


[Site "https://www.chess.com"]

[Event "Titled Tuesday Blitz July 11 Early 2023"]
[White "MAHanif"]
[Black "Iskusnyh, Sergei"]
[BlackFideId "4120027"]
[WhiteElo "2368"]
[BlackElo "2632"]
[Result "0-1"]
[Round "1"]
[TimeControl "180+2"]
[Date "2023.07.11"]
[WhiteClock "0:00:00"]
[BlackClock "0:00:12"]
[Board "119"]

1. d4 d5 2. Nf3 Nf6 3. g3 c6 4. Bg2 Bf5 5. O-O e6 6. Nbd2 h6 7. c3 Be7 8. Re1 Bh7 9. Ne5 Nbd7 10. Nxd7 Qxd7 11. e4 Qc7 12. Qb3 O-O 13. f4 Rfe8 14. e5 Nd7 15. Nf1 c5 16. Ne3 Nb8 17. Nxd5 exd5 18. Bxd5 Bf8 19. Qxb7 Qxb7 20. Bxb7 Nd7 21. Bxa8 Rxa8 22. d5 Re8 23. c4 f6 24. e6 Nb6 25. b3 Bd6 26. Be3 g5 27. Kf2 Kf8 28. h4 g4 29. f5 h5 30. Bf4 Bxf4 31. gxf4 Ke7 32. Re3 Kd6 33. Rc1 Bxf5 34. a3 Rc8 35. Rec3 a5 36. b4 axb4 37. axb4 cxb4 38. Rb3 Rxc4 39. Rxc4 Nxc4 40. Rxb4 Kxd5 41. e7 Nd6 42. Rb5+ Ke6 43. Rb8 Kxe7 44. Rh8 Bg6 45. Ra8 Bf7 46. Ra7+ Kf8 47. Ra5 Kg7 48. Ra6 Nf5 0-1


[Site "https://www.chess.com"]

[Event "Titled Tuesday Blitz July 11 Early 2023"]
[White "Dronavalli, Harika"]
[Black "K2JW"]
[WhiteFideId "5015197"]
[WhiteElo "2631"]
[BlackElo "2367"]
[Result "1-0"]
[Round "1"]
[TimeControl "180+2"]
[Date "2023.07.11"]
[WhiteClock "0:00:13"]
[BlackClock "0:00:02"]
[Board "120"]

1. Nf3 d5 2. g3 Bg4 3. Bg2 Nd7 4. O-O e6 5. h3 Bh5 6. d3 Ngf6 7. Nbd2 Be7 8. Nh4 O-O 9. g4 Bg6 10. e3 Ne8 11. Nxg6 hxg6 12. Qe2 c6 13. f4 a5 14. Nf3 Qb6 15. Rb1 Rc8 16. Bd2 Nd6 17. Kh1 c5 18. Be1 c4 19. d4 Ne4 20. c3 Ndf6 21. Kh2 Qc7 22. Nd2 b5 23. Rc1 b4 24. Nxe4 Nxe4 25. Kg1 bxc3 26. bxc3 Rb8 27. Bxe4 dxe4 28. Rc2 f5 29. Kg2 Kf7 30. g5 Rb5 31. h4 Rh8 32. Rh1 Rh5 33. Bg3 a4 34. Rb2 Rxb2 35. Qxb2 Rh8 36. Rb1 a3 37. Qb5 Bd6 38. Qa4 Rb8 39. Rxb8 Qxb8 40. Qxc4 Qb2+ 41. Bf2 Qd2 42. Qb3 Qe2 43. Qb7+ Be7 44. Qb3 Qf3+ 45. Kg1 Qg4+ 46. Kf1 Qh3+ 47. Ke1 Qf3 48. Qc2 Qh1+ 49. Kd2 Qg2 50. Kd1 Qf1+ 51. Be1 Qc4 52. Qe2 Qa4+ 53. Qc2 Qc4 54. Qe2 Qa4+ 55. Kc1 Qa5 56. c4 Bb4 57. Bxb4 Qxb4 58. Qd2 Qxc4+ 59. Qc2 Qf1+ 60. Kd2 Qf2+ 61. Kd1 Qxe3 62. Qc7+ Kg8 63. Qc8+ Kh7 64. Qxe6 Qxd4+ 65. Kc1 Qb2+ 66. Kd1 Qxa2 67. Qxa2 1-0


[Site "https://www.chess.com"]

[Event "Titled Tuesday Blitz July 11 Early 2023"]
[White "Haitin, Ilja"]
[Black "Suleymanli, Suleyman"]
[WhiteFideId "4501764"]
[BlackFideId "13416375"]
[WhiteElo "2367"]
[BlackElo "2629"]
[Result "0-1"]
[Round "1"]
[TimeControl "180+2"]
[Date "2023.07.11"]
[WhiteClock "0:00:20"]
[BlackClock "0:02:05"]
[Board "121"]

1. Nf3 d5 2. e3 c6 3. b3 Bf5 4. Bb2 e6 5. Be2 h6 6. O-O Nf6 7. c4 Nbd7 8. Nc3 Bd6 9. d3 Qe7 10. a3 O-O 11. Re1 Rad8 12. h3 Rfe8 13. Bf1 Bh7 14. b4 dxc4 15. dxc4 Ne5 16. Nxe5 Bxe5 17. Qb3 Bd3 18. Rad1 Bf5 19. f4 Bc7 20. e4 Rxd1 21. Qxd1 Rd8 22. Qf3 Bh7 23. e5 Nd7 24. Ne4 Nb6 25. c5 Nd5 26. Nd6 b6 27. Ba6 bxc5 28. bxc5 Rb8 29. Ba1 Ba5 30. Rf1 Bd2 31. f5 exf5 32. Nxf5 Bxf5 33. Qxf5 Ne3 34. Qe4 Nxf1 35. Bd3 Qxc5+ 36. Kxf1 Qc1+ 37. Kf2 Qxa1 38. Qh7+ Kf8 39. h4 Qe1+ 40. Kf3 Qe3+ 41. Kg4 h5+ 42. Kxh5 Qh6+ 43. Qxh6 Bxh6 0-1


[Site "https://www.chess.com"]

[Event "Titled Tuesday Blitz July 11 Early 2023"]
[White "Djokic, Mihailo"]
[Black "Buscar, Michael"]
[WhiteFideId "976440"]
[BlackFideId "2603616"]
[WhiteElo "2628"]
[BlackElo "2366"]
[Result "1-0"]
[Round "1"]
[TimeControl "180+2"]
[Date "2023.07.11"]
[WhiteClock "0:02:28"]
[BlackClock "0:02:29"]
[Board "122"]

1. e4 c5 2. Nf3 Nc6 3. d4 cxd4 4. Nxd4 Nf6 5. Nc3 e5 6. Ndb5 h6 7. Nd6+ Bxd6 8. Qxd6 Qe7 9. Qxe7+ Kxe7 10. Be3 Rd8 11. O-O-O d6 12. f3 Be6 13. Kb1 d5 14. Bc5+ Ke8 15. Nb5 Rd7 16. exd5 Nxd5 17. Bc4 Rad8 18. Bxd5 Rxd5 19. Nc7+ Kd7 20. Nxd5 1-0


[Site "https://www.chess.com"]

[Event "Titled Tuesday Blitz July 11 Early 2023"]
[White "Fieberg, Samuel"]
[Black "Stepanencu, Nicodim-Cosmin"]
[WhiteFideId "12901717"]
[BlackFideId "1256220"]
[WhiteElo "2366"]
[BlackElo "2628"]
[Result "0-1"]
[Round "1"]
[TimeControl "180+2"]
[Date "2023.07.11"]
[WhiteClock "0:00:03"]
[BlackClock "0:00:09"]
[Board "123"]

1. Nf3 a6 2. e4 c6 3. d4 d5 4. Nc3 Bg4 5. Be2 e6 6. O-O Nf6 7. e5 Nfd7 8. h3 Bh5 9. Nb1 c5 10. c3 Nc6 11. a3 Rc8 12. b4 cxd4 13. cxd4 Be7 14. Nbd2 O-O 15. Nb3 Nb6 16. Nc5 Qc7 17. Bf4 Nc4 18. Bxc4 dxc4 19. d5 exd5 20. Qxd5 Rfd8 21. Qxc4 Bxf3 22. e6 Bd6 23. exf7+ Qxf7 24. Qxf7+ Kxf7 25. Bxd6 Rxd6 26. gxf3 Nd4 27. Rfd1 a5 28. Nxb7 Nxf3+ 29. Kf1 Nd2+ 30. Kg2 Rg6+ 31. Kh1 Rc2 32. Rac1 Ra2 33. bxa5 Rxa3 34. Kh2 Nf3+ 35. Kh1 Ne5 36. Nd6+ Ke6 37. Kh2 Nf3+ 38. Kh1 Ng1 39. Re1+ Kd7 40. f3 Rxf3 41. Rc7+ Kxd6 42. Rc6+ Kxc6 43. Rc1+ Kd6 44. Rd1+ Ke5 45. Re1+ Kf4 46. Rf1 Rxf1 47. Kh2 Nf3# 0-1


[Site "https://www.chess.com"]

[Event "Titled Tuesday Blitz July 11 Early 2023"]
[White "Niekras, Dawid"]
[Black "Rosh Jain"]
[WhiteFideId "1160451"]
[BlackFideId "25789465"]
[WhiteElo "2628"]
[BlackElo "2366"]
[Result "1/2-1/2"]
[Round "1"]
[TimeControl "180+2"]
[Date "2023.07.11"]
[WhiteClock "0:00:07"]
[BlackClock "0:01:45"]
[Board "124"]

1. e4 c5 2. Be2 Nc6 3. f4 d5 4. d3 dxe4 5. dxe4 Qxd1+ 6. Bxd1 e5 7. f5 Nf6 8. Nd2 Be7 9. Ngf3 O-O 10. c3 b6 11. h3 Ba6 12. Be2 Bxe2 13. Kxe2 Rfd8 14. g4 Rd7 15. Rg1 Rad8 16. g5 Nh5 17. Nc4 f6 18. a4 Rd3 19. Be3 Kf8 20. h4 Ke8 21. gxf6 Bxf6 22. Ng5 Nf4+ 23. Bxf4 exf4 24. Rgf1 Ne5 25. Nxe5 Bxe5 26. Nf3 Re3+ 27. Kf2 Bf6 28. Rad1 Rxd1 29. Rxd1 Rxe4 30. a5 bxa5 31. Ra1 a4 32. Ng5 Bxg5 33. hxg5 Re5 34. Rxa4 Rxf5 35. Kf3 Rxg5 36. Kxf4 Rg2 37. Rxa7 Kf8 38. Ke5 Rxb2 39. Kd6 Rc2 40. Ke6 g6 41. Rxh7 Rxc3 42. Kf6 Rf3+ 43. Kxg6 c4 44. Rc7 c3 45. Kg5 Ke8 46. Kg4 Rd3 47. Kf4 Kd8 48. Ke4 Rh3 49. Rc5 Kd7 50. Kd4 Kd6 51. Rxc3 Rh4+ 52. Kd3 Kd5 53. Rc8 Rh3+ 54. Ke2 Kd4 55. Rd8+ Kc3 56. Rc8+ Kb2 57. Rb8+ Rb3 58. Rxb3+ Kxb3 1/2-1/2


[Site "https://www.chess.com"]

[Event "Titled Tuesday Blitz July 11 Early 2023"]
[White "Molina Carretero, Daniel"]
[Black "Ince, Taylan Ruzgar"]
[WhiteFideId "32071914"]
[BlackFideId "44513089"]
[WhiteElo "2366"]
[BlackElo "2627"]
[Result "1-0"]
[Round "1"]
[TimeControl "180+2"]
[Date "2023.07.11"]
[WhiteClock "0:00:26"]
[BlackClock "0:00:18"]
[Board "125"]

1. c4 e5 2. g3 Nf6 3. Bg2 g6 4. Nc3 Bg7 5. Nf3 d6 6. O-O O-O 7. d4 exd4 8. Nxd4 Re8 9. h3 Nbd7 10. b3 Nc5 11. Bb2 a5 12. Qc2 Bd7 13. Rad1 Qc8 14. Kh2 Re5 15. Nf3 Rh5 16. Ng1 Bc6 17. Nd5 Bxd5 18. cxd5 Ng4+ 19. Kh1 Qf5 20. Qxf5 gxf5 21. Bxg7 Kxg7 22. Bf3 Rh6 23. Kg2 Ne5 24. Rd4 Re8 25. Rfd1 Rf6 26. h4 Nxf3 27. exf3 h6 28. Kf1 Nd7 29. Nh3 Ne5 30. Kg2 Ng6 31. h5 Ne5 32. Nf4 Nd7 33. Kf1 Ne5 34. Kg2 Ree6 35. dxe6 1-0


[Site "https://www.chess.com"]

[Event "Titled Tuesday Blitz July 11 Early 2023"]
[White "Ezat, Mohamed"]
[Black "Goswami, Vedant"]
[WhiteFideId "10600906"]
[BlackFideId "5003725"]
[WhiteElo "2624"]
[BlackElo "2366"]
[Result "0-1"]
[Round "1"]
[TimeControl "180+2"]
[Date "2023.07.11"]
[WhiteClock "0:00:06"]
[BlackClock "0:00:12"]
[Board "126"]

1. d4 Nf6 2. c4 e6 3. Nc3 Bb4 4. f3 d5 5. a3 Be7 6. e4 c5 7. e5 Nfd7 8. cxd5 exd5 9. f4 Nc6 10. Nf3 cxd4 11. Nxd4 Nc5 12. Bb5 O-O 13. Bxc6 bxc6 14. Nxc6 Bh4+ 15. g3 Qc7 16. Nd4 Ba6 17. Nxd5 Qd7 18. Nb4 Nd3+ 19. Nxd3 Qxd4 20. Nf2 Qxd1+ 21. Nxd1 Be7 22. Be3 Rfd8 23. Nc3 Rd3 24. Kf2 Rb8 25. Rab1 h5 26. Rhd1 Rb3 27. Bxa7 Bxa3 28. bxa3 Rbxc3 29. Rxd3 Bxd3 30. Ra1 Rc2+ 31. Ke3 Ba6 32. a4 Rxh2 33. a5 h4 34. gxh4 Rxh4 35. Rc1 Rh3+ 36. Kd4 Rf3 37. Rc6 Bf1 38. a6 Rxf4+ 39. Kc5 Ra4 40. Kb6 Rb4+ 41. Kc7 Ra4 42. Kb7 Rb4+ 43. Bb6 Ra4 44. a7 Bg2 45. Kc7 Bxc6 46. Kxc6 g5 47. Kb7 Kg7 48. a8=Q Rxa8 49. Kxa8 Kg6 50. Bd4 Kf5 51. Kb7 Ke4 52. Bb6 g4 53. Kc6 Kxe5 54. Kc5 f5 55. Kc4 Ke4 56. Kc3 f4 57. Kd2 Kf3 58. Ke1 Kg2 59. Ke2 f3+ 60. Ke1 g3 61. Be3 f2+ 62. Bxf2 gxf2+ 63. Kd2 f1=Q 64. Kc2 Kf3 0-1


[Site "https://www.chess.com"]

[Event "Titled Tuesday Blitz July 11 Early 2023"]
[White "Alahakoon, Isuru"]
[Black "Wadsworth, Matthew J"]
[WhiteFideId "9900993"]
[BlackFideId "415804"]
[WhiteElo "2363"]
[BlackElo "2624"]
[Result "0-1"]
[Round "1"]
[TimeControl "180+2"]
[Date "2023.07.11"]
[WhiteClock "0:00:29"]
[BlackClock "0:00:38"]
[Board "127"]

1. Nf3 Nf6 2. d4 c5 3. e3 e6 4. Bd3 b6 5. O-O Bb7 6. b3 Be7 7. Bb2 O-O 8. Nbd2 Nc6 9. a3 Rc8 10. Qe2 d5 11. Rad1 cxd4 12. exd4 Qc7 13. Rfe1 Rfd8 14. Ne5 Nxe5 15. dxe5 Ne4 16. Bxe4 dxe4 17. c4 b5 18. Nxe4 Rxd1 19. Rxd1 bxc4 20. bxc4 Qc6 21. Rd4 Bc5 22. Nxc5 Qxg2# 0-1


[Site "https://www.chess.com"]

[Event "Titled Tuesday Blitz July 11 Early 2023"]
[White "Skliarov, Viktor"]
[Black "Peatman, Carter"]
[WhiteFideId "14106736"]
[BlackFideId "2096480"]
[WhiteElo "2620"]
[BlackElo "2361"]
[Result "1-0"]
[Round "1"]
[TimeControl "180+2"]
[Date "2023.07.11"]
[WhiteClock "0:00:39"]
[BlackClock "0:00:31"]
[Board "128"]

1. e4 e5 2. Nc3 Nc6 3. Bc4 Nf6 4. d3 Bb4 5. Bg5 h6 6. Bxf6 Qxf6 7. Ne2 d6 8. O-O Bxc3 9. Nxc3 Be6 10. Nd5 Bxd5 11. exd5 Ne7 12. Bb5+ c6 13. dxc6 bxc6 14. Ba4 O-O 15. Qd2 Rab8 16. Bb3 d5 17. c3 Ng6 18. g3 Qd6 19. f4 exf4 20. gxf4 Rfe8 21. d4 Re4 22. f5 Rg4+ 23. Kh1 Nh4 24. Rae1 Rg2 25. Qf4 Qd8 26. f6 g5 27. Qe5 Qd7 28. Re3 Rc8 29. Bd1 c5 30. Bh5 cxd4 31. Qxd4 Re8 32. Rxe8+ Qxe8 33. Qxd5 Qb8 34. Qxf7+ Kh8 35. Qg7# 1-0


[Site "https://www.chess.com"]

[Event "Titled Tuesday Blitz July 11 Early 2023"]
[White "Nithyalakshmi, Sivanesan"]
[Black "Souleidis, Georgios"]
[WhiteFideId "5706955"]
[BlackFideId "4206827"]
[WhiteElo "2354"]
[BlackElo "2618"]
[Result "1-0"]
[Round "1"]
[TimeControl "180+2"]
[Date "2023.07.11"]
[WhiteClock "0:00:08"]
[BlackClock "0:00:00"]
[Board "129"]

1. e4 c5 2. Nc3 e6 3. f4 a6 4. Nf3 Nc6 5. a4 d5 6. d3 d4 7. Ne2 Nf6 8. g3 Be7 9. Bg2 O-O 10. O-O Rb8 11. h3 b5 12. axb5 axb5 13. g4 Bb7 14. Ng3 Nd7 15. f5 Nde5 16. Bf4 Bd6 17. Qd2 Qc7 18. Nh5 Nxf3+ 19. Rxf3 Bxf4 20. Nxf4 Ne5 21. Rg3 Qd6 22. Rf1 c4 23. f6 g6 24. Nh5 Rfd8 25. Qh6 Qf8 26. Qg5 Qc5 27. Qh6 Qf8 28. Qf4 Nd7 29. Qg5 cxd3 30. cxd3 Rbc8 31. Ng7 Rc5 32. Qd2 Rdc8 33. h4 Rc2 34. Qh6 Ne5 35. h5 Rxb2 36. hxg6 fxg6 37. Rh3 Kf7 38. Qxh7 Qg8 39. Qh4 Rxg2+ 40. Kxg2 b4 41. Qh7 Rc2+ 42. Kg1 Qxh7 43. Rxh7 Kg8 44. Rh2 Nf7 45. Rxc2 b3 46. Rc7 Bxe4 47. dxe4 Ne5 48. Rc8+ Kh7 49. Rc7 g5 50. Rb7 d3 51. Nxe6+ Kg6 52. Rxb3 Nxg4 53. f7 d2 54. f8=Q 1-0


[Site "https://www.chess.com"]

[Event "Titled Tuesday Blitz July 11 Early 2023"]
[White "Domingo Nunez, Ruben"]
[Black "Jegorovas, Aleksandras"]
[WhiteFideId "22245570"]
[BlackFideId "12801950"]
[WhiteElo "2615"]
[BlackElo "2350"]
[Result "0-1"]
[Round "1"]
[TimeControl "180+2"]
[Date "2023.07.11"]
[WhiteClock "0:00:17"]
[BlackClock "0:00:34"]
[Board "130"]

1. Nf3 Nf6 2. g3 b6 3. Bg2 Bb7 4. O-O e6 5. d3 c5 6. e4 d5 7. Nc3 Be7 8. e5 Nfd7 9. Qe2 Nc6 10. a3 Qc7 11. Re1 a6 12. h4 h6 13. h5 O-O-O 14. b4 cxb4 15. Nb1 bxa3 16. Bxa3 Bxa3 17. Nxa3 Rhe8 18. c4 dxc4 19. Nxc4 Nc5 20. Rab1 b5 21. Nd6+ Rxd6 22. exd6 Qxd6 23. d4 Na4 24. Rec1 Kb8 25. d5 Qxd5 26. Ne1 Nd4 27. Qg4 Qe5 28. Rd1 Bxg2 29. Nxg2 Nc3 30. Rf1 Nxb1 31. Rxb1 Rc8 32. Re1 Rc1 33. Rxc1 Ne2+ 34. Kh2 Nxc1 35. Qb4 Qxh5+ 36. Kg1 Qd1+ 37. Kh2 Qh5+ 38. Kg1 Ne2+ 39. Kf1 Qh1+ 40. Kxe2 Qxg2 41. Qf8+ Kb7 42. Qxf7+ Kb6 43. Qxg7 Qe4+ 44. Kf1 h5 45. Qh8 b4 46. Qc8 Qd3+ 47. Kg2 Qd5+ 48. Kh2 b3 49. Qb8+ Ka5 50. Qc7+ Ka4 51. Qb6 Qb5 52. Qd4+ Ka5 53. Qd8+ Qb6 54. Qd2+ Ka4 55. Qf4+ Qb4 56. Qc1 b2 57. Qb1 Qb3 58. Kh3 Ka3 59. Kh4 a5 60. Kxh5 a4 61. g4 Qh3+ 62. Kg5 Qc3 63. Kh5 Kb3 64. g5 Qc2 65. Qg1 b1=Q 66. Qg3+ Qd3 67. Qb8+ Ka2 68. Qe5 Qg6+ 69. Kh4 Qbe4+ 0-1


[Site "https://www.chess.com"]

[Event "Titled Tuesday Blitz July 11 Early 2023"]
[White "Rakitic2010"]
[Black "Ovchinnikov, Vsevolod"]
[BlackFideId "24176842"]
[WhiteElo "2347"]
[BlackElo "2612"]
[Result "1-0"]
[Round "1"]
[TimeControl "180+2"]
[Date "2023.07.11"]
[WhiteClock "0:00:12"]
[BlackClock "0:00:05"]
[Board "131"]

1. e4 g6 2. h4 h5 3. d4 Bg7 4. Nc3 a6 5. a4 d6 6. Be3 Nd7 7. Qd2 b6 8. f3 c5 9. d5 Ngf6 10. Nh3 Rb8 11. Be2 Ne5 12. Ng5 Nh7 13. Nxh7 Rxh7 14. g4 hxg4 15. f4 Nf3+ 16. Bxf3 gxf3 17. O-O-O b5 18. Qf2 Bg4 19. axb5 axb5 20. Rhg1 Bh5 21. e5 dxe5 22. Bxc5 f5 23. fxe5 Bxe5 24. d6 Bxd6 25. Bxd6 exd6 26. Rge1+ Re7 27. Nd5 Re5 28. Qd4 Kf7 29. Qa7+ Kf8 30. Qh7 Rc8 31. Nf4 f2 32. Rxe5 dxe5 33. Ne6+ Ke8 34. Rxd8+ Rxd8 35. Qg8+ Ke7 36. Qxd8+ Kxe6 37. Qb6+ Kd5 38. Qxf2 e4 39. Kd2 Kc4 40. Qf4 Kd5 41. Ke3 Kc4 42. Qe5 Kb4 43. Qd4+ Ka5 44. Qa7+ Kb4 45. Kd4 Be2 46. Qa3# 1-0


[Site "https://www.chess.com"]

[Event "Titled Tuesday Blitz July 11 Early 2023"]
[White "NLLO777"]
[Black "Bashirli, Saadat"]
[BlackFideId "13429990"]
[WhiteElo "2610"]
[BlackElo "2346"]
[Result "1-0"]
[Round "1"]
[TimeControl "180+2"]
[Date "2023.07.11"]
[WhiteClock "0:00:09"]
[BlackClock "0:00:08"]
[Board "132"]

1. Nf3 Nf6 2. g3 g6 3. Bg2 Bg7 4. O-O O-O 5. b3 d5 6. Bb2 c6 7. c4 Bf5 8. d3 Re8 9. Nbd2 Na6 10. a3 Nc7 11. b4 dxc4 12. Nxc4 Be6 13. Qc2 Bxc4 14. dxc4 Qd7 15. Rfd1 Qe6 16. Nd4 Qg4 17. h3 Qh5 18. g4 Qg5 19. Nf3 Qf4 20. Be5 Qe4 21. Qxe4 Nxe4 22. Bxc7 Bxa1 23. Rxa1 Rac8 24. Bf4 Nc3 25. Bf1 f6 26. Rc1 Ne4 27. Bg2 e5 28. Be3 Nd6 29. Bxa7 Ra8 30. Bc5 Ne4 31. Be3 Rxa3 32. Nd2 Nxd2 33. Bxd2 Ra2 34. Be3 Rxe2 35. b5 Rc8 36. bxc6 bxc6 37. Be4 Rb2 38. c5 Rb4 39. Bf3 Kf7 40. Ra1 Rb7 41. Ra6 Rbc7 42. Bd2 f5 43. Ba5 Rb7 44. Rxc6 Rb1+ 45. Kg2 Ra8 46. Rc7+ Kf6 47. Bxa8 Ra1 48. g5+ Kxg5 49. Bd2+ f4 50. Be4 Ra2 51. Rd7 h5 52. c6 Kh4 53. c7 f3+ 54. Bxf3 e4 55. Bxe4 g5 56. c8=Q Ra4 57. Bxg5+ Kxg5 58. Qg8+ Kf4 59. Rf7+ Kxe4 60. Qe8+ Kd4 61. Qxa4+ Ke5 62. Qe8+ Kd6 63. Rd7+ Kc6 64. Qc8+ Kb6 65. Rb7+ Ka6 66. Qa8# 1-0


[Site "https://www.chess.com"]

[Event "Titled Tuesday Blitz July 11 Early 2023"]
[White "Slavin, Alexey"]
[Black "Palczert, Matyas"]
[WhiteFideId "24104388"]
[BlackFideId "784958"]
[WhiteElo "2346"]
[BlackElo "2608"]
[Result "1/2-1/2"]
[Round "1"]
[TimeControl "180+2"]
[Date "2023.07.11"]
[WhiteClock "0:00:59"]
[BlackClock "0:00:12"]
[Board "133"]

1. e4 c5 2. g3 Nc6 3. Bg2 e6 4. Nc3 Nf6 5. Nge2 d5 6. exd5 exd5 7. d4 cxd4 8. Nxd4 Bg4 9. Qd3 Bb4 10. O-O O-O 11. Bg5 Bxc3 12. Qxc3 Rc8 13. Nxc6 bxc6 14. Bxf6 Qxf6 15. Qxf6 gxf6 16. c3 Rfd8 17. h3 Be6 18. Rfd1 c5 19. Rac1 d4 20. cxd4 cxd4 21. Rxc8 Rxc8 22. Rxd4 Rc1+ 23. Kh2 Rc2 24. Rf4 Rxb2 25. a4 Kg7 26. Bc6 a5 27. Kg2 f5 28. Rd4 Kf6 29. Kf3 Ke5 30. Rh4 Rb3+ 31. Ke2 Rb2+ 32. Ke3 Rb3+ 33. Ke2 Rb2+ 34. Ke3 Rb3+ 35. Ke2 1/2-1/2


[Site "https://www.chess.com"]

[Event "Titled Tuesday Blitz July 11 Early 2023"]
[White "Mogirzan, Matei-Valeriu"]
[Black "Avalos Parra, Joao"]
[WhiteFideId "1257455"]
[BlackFideId "3402541"]
[WhiteElo "2606"]
[BlackElo "2344"]
[Result "1-0"]
[Round "1"]
[TimeControl "180+2"]
[Date "2023.07.11"]
[WhiteClock "0:00:06"]
[BlackClock "0:00:14"]
[Board "134"]

1. e4 e5 2. f4 Nc6 3. Nf3 exf4 4. d4 d5 5. exd5 Qxd5 6. Nc3 Qd8 7. Bxf4 Nf6 8. d5 Nb4 9. Bc4 Be7 10. a3 Na6 11. O-O O-O 12. Kh1 Nc5 13. Qe2 Bg4 14. b4 Ncd7 15. Nb5 Nb6 16. Bxc7 Qd7 17. Bxb6 axb6 18. d6 Bd8 19. Rad1 Rc8 20. Rd4 Re8 21. Qd3 Bf5 22. Qb3 Re4 23. Rxe4 Bxe4 24. Ne5 Bxc2 25. Nxd7 Bxb3 26. Nxf6+ Bxf6 27. Bxb3 h5 28. g3 Kh7 29. Bxf7 Rc2 30. Bxh5 Rd2 31. Rd1 Ra2 32. d7 Bd8 33. Bf3 Kg6 34. Be4+ Kf6 35. Bxb7 Re2 36. Rf1+ Ke7 37. Rd1 Re3 38. Nd4 Rc3 39. Nc6+ 1-0


[Site "https://www.chess.com"]